 Dungeon Crawl Stone Soup version 0.29.1-15-g9cfb28693d (webtiles) character file.

Game seed: 17136374664009533581

63124 Gabide the Brawler (level 14, -23/118 HPs)
             Began as a Mummy Berserker on Apr 6, 2023.
             Was an Elder of Trog.
             Killed from afar by a fire dragon (61 damage)
             ... with a blast of flame
             ... on level 5 of the Lair of Beasts.
             The game lasted 01:00:49 (20872 turns).

Gabide the Brawler (Mummy Berserker)               Turns: 20872, Time: 01:00:50

Health: -23/118    AC: 17    Str: 31    XL:     14   Next: 66%
Magic:  14/14      EV: 18    Int: 10    God:    Trog [****..]
Gold:   1162       SH:  0    Dex:  9    Spells: 13/13 levels left

rFire   x x .      SeeInvis .     - Unarmed
rCold   + . .      Faith    .   (no shield)
rNeg    + + +      Spirit   .   s - +5 ring mail of Conscience {rN+ rCorr Dex-2}
rPois   ∞          Reflect  .   m - +0 helmet
rElec   +          Harm     .   k - +1 cloak
rCorr   +          Rampage  ∞   (no gloves)
Will    +++..                   A - +3 pair of seven-league boots {Rampage+∞}
Stlth   ..........              i - amulet of regeneration
HPRegen 2.09/turn               q - +4 ring of evasion
MPRegen 0.14/turn               l - ring "Etousil" {rElec rPois rF- Str+6 Int+3}

@: strong-willed, regenerating
A: cold resistance 1, negative energy resistance 3, torment resistance 2, heat
vulnerability 1, in touch with death 2, no potions
a: Renounce Religion, Trog's Hand, Brothers in Arms


You were on level 5 of the Lair of Beasts.
You worshipped Trog.
Trog was greatly pleased with you.
You visited 2 branches of the dungeon, and saw 17 of its levels.
You also visited: Bailey and Ice Cave.

You collected 1484 gold pieces.
You spent 322 gold pieces at shops.

Inventory:

Hand Weapons
 v - the +4 long sword of Jocular Blind Justice {drain, +Blink rC+ Will+++ Str-2}
   (You found it in an ice cave)

   A truly terrible weapon, it drains the life of any living foe it strikes.
   Str:       It affects your strength (-2).
   rC:        It protects you from cold.
   +Blink:    It lets you blink.
   Will:      It greatly increases your willpower.
 y - a +0 demon trident of freezing
Missiles
 b - 4 javelins
 D - 7 boomerangs (quivered)
Armour
 a - a +1 pair of boots
 k - a +1 cloak (worn)
 m - a +0 helmet (worn)
 o - a +3 chain mail of fire resistance
 r - a +0 buckler of cold resistance
 s - the +5 ring mail of Conscience (worn) {rN+ rCorr Dex-2}
   (You found it on level 1 of the Lair of Beasts)

   Dex:       It affects your dexterity (-2).
   rN:        It protects you from negative energy.
   rCorr:     It protects you from acid and corrosion.
 A - the +3 pair of seven-league boots (worn) {Rampage+∞}
   (You found it on level 1 of the Lair of Beasts)

   Its wearer moves as far as possible in that direction when moving towards
   enemies.
Jewellery
 f - a +6 ring of dexterity
 i - an amulet of regeneration (around neck)
 l - the ring "Etousil" (right hand) {rElec rPois rF- Str+6 Int+3}
   (You found it in a bailey)

   [ring of strength]

   Str:       It affects your strength (+6).
   Int:       It affects your intelligence (+3).
   rF:        It makes you vulnerable to fire.
   rElec:     It insulates you from electricity.
   rPois:     It protects you from poison.
 n - a ring of see invisible
 q - a +4 ring of evasion (left hand)
 t - a ring of ice
Wands
 c - a wand of digging (1)
 p - a wand of flame (20)
 x - a wand of quicksilver (4)
 z - a wand of roots (7)
Scrolls
 e - 11 scrolls of identify
 g - 4 scrolls of enchant weapon
 j - 7 scrolls of teleportation
 u - 2 scrolls of blinking
 w - 3 scrolls of magic mapping
 B - a scroll of vulnerability
 C - a scroll of brand weapon
Miscellaneous
 h - a condenser vane


   Skills:
 + Level 13.6 Fighting
 - Level 1.5 Armour
 + Level 11.3 Dodging
 * Level 15.8 Unarmed Combat


You had 13 spell levels left.
You didn't know any spells.
Your spell library was empty.

Dungeon Overview and Level Annotations

Branches:
Dungeon (12/15)            Temple (0/1) D:4            Lair (5/5) D:10
 Shoals (0/4) Lair:2        Snake (0/4) Lair:2        Slime (0/5) Lair:5
    Orc (0/2) D:12         Bailey (visited)           IceCv (visited)

Altars:
Ashenzari
Cheibriados
Dithmenos
Fedhas
Gozag
Hepliaklqana
Kikubaaqudgha
Makhleb
Okawaru
Ru
Sif Muna
Wu Jian
Jiyva

Shops:
D:2 *   D:6 *

Portals:
Trove: D:11 (give +3 fire dragon scales)

Annotations:
D:5 1 runed translucent door


Innate Abilities, Weirdness & Mutations

You are immune to poison.
Your flesh is cold resistant. (rC+)
You are immune to negative energy. (rN+++)
You are immune to unholy pain and torment.
You are vulnerable to heat. (rF-)
You are strongly in touch with the powers of death.
You do not drink.


Message History

Here: a fire dragon (steam, water, heavily wounded, catching its breath, ally target) Some deep water.
Unknown command.
Unknown command.
Your skin crawls.
You feel strong-willed.
The fire dragon bites your two-headed ogre!!
The fire dragon claws your two-headed ogre!
The fire dragon tramples your two-headed ogre!
Your two-headed ogre stumbles backwards!
Your two-headed ogre hits the fire dragon with a +0 giant spiked club!
Your two-headed ogre hits the fire dragon with a +0 giant club!!
The fire dragon barely misses your two-headed ogre.
The fire dragon claws your two-headed ogre!
The fire dragon barely misses your two-headed ogre.
Your two-headed ogre barely misses the fire dragon. x2
The fire dragon breathes flames at your two-headed ogre.
The blast of flame hits your two-headed ogre!!!
Your two-headed ogre dies!
Your two-headed ogre's corpse disappears in a puff of smoke!
The blast of flame hits you!! The fire burns you terribly!
* * * LOW HITPOINT WARNING * * *
You hear a roar!
Okay, then.
Aiming: Quicksilver Bolt
Press: ? - help, Shift-Dir - straight line, f - fire dragon
Aim: a fire dragon (purple smoke, almost dead, wandering, catching its breath, hasn't noticed you, 79% to hit)
The bolt of dispelling energy hits the fire dragon.
The fire dragon is almost dead.
The fire dragon roars deafeningly!
Blink to where?
Press: ? - help, Dir - move target, f - you, p - fire dragon
Okay, then.
Unknown command.
As you read the scroll of fear, it crumbles to dust.
You assume a fearsome visage.
The fire dragon looks frightened!
The fire dragon breathes flames at you. The blast of flame hits you!!!
The fire burns you terribly!
Ouch! That really hurt!
You die...

♣.≈≈♣♣♣♣ ♣≈~/♣ ♣P†~~♣~♣♣
♣♣≈≈~♣ ♣♣.≈~♣≈~♣♣♣
♣♣~≈..♣ ♣♣...~≈~P♣♣
♣♣^.~.♣♣ ♣♣♣..♣≈..♣♣
♣♣D....♣ ####
♣.♣....≈♣.♣♣♣§.P.♣♣♣
##.##♣♣..♣♣♣.♣≈..~§.?.♣♣
###.#♣.....♣♣♣≈~~.....♣
##..#♣♣♣♣..♣♣..≈@....♣♣
.....♣♣♣♣♣♣≈~~♣..♣..♣♣
....P...♣.~~.♣♣...♣♣♣
.....~~.~≈÷~...P.♣♣
....~~♣♣..♣.♣P♣♣♣♣
..#.~♣♣♣♣♣♣♣♣♣♣ ....P♣
....## ..###


There were no monsters in sight!

Vanquished Creatures
  2 slime creatures
  A reaper (IceCv)
  The ghost of LaMa the Impaler, a journeyman MfGl of Hepliaklqana (Lair:3)
  Josephine (D:11)
  7 hydras
  2 two-headed ogres (D:12)
  4 boulder beetles
  3 catoblepae
  7 death yaks
  Urug (Lair:4)
  A swamp dragon (Lair:5)
  A glowing orange brain (Lair:3)
  A lindwurm (Lair:4)
  A deep elf pyromancer (D:12)
  Pikel (D:4)
  A deep elf zephyrmancer (Bailey)
  An orc knight (Bailey)
  An ugly thing (D:12)
  A cyclops (D:12)
  2 manticores
  2 ice statues (IceCv)
  Maurice (D:10)
  A gargoyle (D:11)
  3 black mambas
  A guardian serpent (Lair:1)
  17 cane toads
  Joseph (D:8)
  2 torpor snails
  2 unseen horrors
  Maggie (D:10)
  5 komodo dragons
  4 rime drakes
  2 anaconda simulacra (IceCv)
  6 ice devils (IceCv)
  6 trolls
  29 blink frogs
  The ghost of engelados the Conjurer, an amateur OpCj (D:5)
  Sigmund (D:3)
  6 wraiths
  A dire elephant simulacrum (IceCv)
  5 wyverns
  4 basilisks
  53 yaks
  2 steam dragons
  9 vampire mosquitoes
  A death yak simulacrum (Lair:3)
  A hydra simulacrum (IceCv)
  3 acid dragons
  8 water moccasins
  3 black bears
  A sky beast (D:7)
  2 swamp drakes (Lair:5)
  2 ice beasts
  16 orc warriors
  4 ogres
  10 wolves
  3 lemures (D:4)
  3 centaurs
  2 phantoms (D:5)
  5 kobold brigands
  A necrophage (D:5)
  4 bullfrogs
  A gnoll sergeant (D:12)
  2 cane toad simulacra (IceCv)
  2 two-headed ogre simulacra (IceCv)
  8 scorpions
  15 wights
  10 killer bees
  An elephant simulacrum (IceCv)
  An electric eel (Lair:2)
  3 howler monkeys
  3 jellies
  5 orc priests
  4 hounds
  2 gnoll boudas (D:5)
  8 iguanas
  Jessica (D:3)
  A hell rat (Lair:4)
  7 orc wizards
  3 polar bear simulacra
  2 spriggan simulacra (IceCv)
  A troll simulacrum (IceCv)
  2 wolf simulacra (Lair:3)
  Robin (D:3)
  15 gnolls
  11 river rats (Lair:4)
  9 adders
  3 naga simulacra (IceCv)
  6 white imps
  An ufetubus (IceCv)
  4 dart slugs
  55 orcs
  4 bats
  4 endoplasms
  7 giant cockroaches
  27 goblins
  14 hobgoblins
  2 jackals (D:4)
  7 quokkas
  8 ball pythons
  3 frilled lizards
  8 kobolds
  11 rats
556 creatures vanquished.

Vanquished Creatures (collateral kills)
  A slime creature (Lair:3)
1 creature vanquished.

Vanquished Creatures (others)
  A hell rat (Lair:4)
  11 fungi
  19 plants
31 creatures vanquished.

Grand Total: 588 creatures vanquished

Notes
Turn   | Place    | Note
-------+----------+-------------------------------------------
     0 | D:1      | Gabide the Mummy Berserker began the quest for the Orb.
     0 | D:1      | Reached XP level 1. HP: 18/18 MP: 1/1
   402 | D:1      | Reached XP level 2. HP: 20/24 MP: 2/2
   804 | D:1      | Reached ** piety under Trog
   805 | D:1      | Reached skill level 3 in Unarmed Combat
   959 | D:1      | Gained mutation: You are in touch with the powers of death.
                  | [Mummy growth]
   959 | D:1      | Reached XP level 3. HP: 27/29 MP: 3/3
  2329 | D:2      | Found a faded altar of an unknown god.
  2382 | D:2      | Found Vaxooxa's Assorted Antiques.
  2386 | D:2      | Noticed a scorpion
  2396 | D:2      | Killed a scorpion
  2397 | D:2      | Reached XP level 4. HP: 37/37 MP: 4/4
  2400 | D:2      | Bought a pair of boots for 126 gold pieces
  2848 | D:2      | Reached XP level 5. HP: 27/42 MP: 5/5
  3549 | D:2      | Reached skill level 4 in Unarmed Combat
  4033 | D:3      | Found an opulent altar of Gozag.
  4554 | D:3      | Reached XP level 6. HP: 48/48 MP: 6/6
  4556 | D:3      | Noticed Sigmund
  4578 | D:4      | Found a blossoming altar of Fedhas.
  4578 | D:4      | You fall into a shaft and drop 2 floors!
  4681 | D:5      | Entered Level 5 of the Dungeon
  4714 | D:5      | Found a runed translucent gate.
  4715 | D:5      | Found a runed translucent gate.
  4715 | D:5      | Noticed engelados's ghost (amateur OpCj)
  4717 | D:5      | Found a runed translucent gate.
  4722 | D:5      | Noticed an ice beast
  4753 | D:5      | Found an ancient bone altar of Kikubaaqudgha.
  4904 | D:4      | Found a shimmering blue altar of Sif Muna.
  5151 | D:4      | Reached skill level 5 in Unarmed Combat
  5151 | D:4      | Reached XP level 7. HP: 36/55 MP: 7/7
  5263 | D:4      | Found a staircase to the Ecumenical Temple.
  6158 | D:4      | Noticed Pikel
  6174 | D:4      | Killed Pikel
  6175 | D:4      | Reached skill level 5 in Fighting
  6175 | D:4      | Reached skill level 6 in Unarmed Combat
  6175 | D:4      | Reached XP level 8. HP: 63/63 MP: 8/8
  6369 | D:3      | Found a snail-covered altar of Cheibriados.
  6476 | D:2      | Bought a scroll of identify for 56 gold pieces
  6476 | D:2      | Bought a triangular citrine amulet for 140 gold pieces
  6700 | D:3      | Noticed Jessica
  6703 | D:3      | Killed Jessica
  6736 | D:3      | Noticed Robin
  6766 | D:3      | Killed Robin
  6826 | D:3      | Killed Sigmund
  6891 | D:3      | Found a burning altar of Makhleb.
  7050 | D:5      | Found a hazy altar of Hepliaklqana.
  7198 | D:5      | Reached *** piety under Trog
  7256 | D:5      | Found a runed translucent door.
  7274 | D:5      | Found a runed translucent door.
  7526 | D:5      | Found an iron altar of Okawaru.
  7696 | D:5      | Found an ornate altar of the Wu Jian Council.
  7744 | D:5      | Reached skill level 7 in Unarmed Combat
  8028 | D:5      | Reached skill level 5 in Dodging
  8044 | D:5      | Killed engelados's ghost
  8045 | D:5      | Reached XP level 9. HP: 52/71 MP: 9/9
  8204 | D:5      | Reached skill level 8 in Unarmed Combat
  8390 | D:6      | Found Ehisaid's Assorted Antiques.
  8642 | D:6      | Reached **** piety under Trog
  9510 | D:7      | Found a broken altar of Ashenzari.
  9598 | D:7      | Reached skill level 9 in Unarmed Combat
  9602 | D:7      | Reached XP level 10. HP: 47/80 MP: 10/10
  9780 | D:8      | Found a sacrificial altar of Ru.
 10051 | D:8      | Found a flagged portal.
 10052 | D:8      | Noticed Joseph
 10069 | D:8      | Killed Joseph
 10123 | Bailey   | Entered a bailey
 10385 | Bailey   | Noticed an orc knight
 10399 | Bailey   | Killed an orc knight
 10418 | Bailey   | Found a large runed translucent door.
 10418 | Bailey   | Found a large runed translucent door.
 10419 | Bailey   | Noticed a deep elf zephyrmancer
 10500 | Bailey   | Killed a deep elf zephyrmancer
 10501 | Bailey   | Reached skill level 10 in Unarmed Combat
 10523 | Bailey   | Identified the ring "Etousil" {rElec rPois rF- Str+6 Int+3}
 10711 | D:8      | Identified the +10 falchion of Qetsun {freeze, MP+9 Int+3
                  | Dex+3}
 11434 | D:9      | Found a shadowy altar of Dithmenos.
 11864 | D:10     | Entered Level 10 of the Dungeon
 11864 | D:10     | Noticed Maurice
 11876 | D:10     | Killed Maurice
 11877 | D:10     | Reached XP level 11. HP: 89/89 MP: 11/11
 12106 | D:10     | Noticed Maggie
 12118 | D:10     | Killed Maggie
 12158 | D:10     | Found a staircase to the Lair.
 12451 | D:11     | Reached skill level 11 in Unarmed Combat
 12621 | D:11     | Found an ornate altar of the Wu Jian Council.
 12972 | D:11     | Reached skill level 10 in Fighting
 13080 | D:11     | Found a portal to a secret trove of treasure.
 13390 | D:11     | Noticed Josephine
 13413 | D:11     | Killed Josephine
 13605 | D:12     | Noticed a two-headed ogre
 13613 | D:12     | Killed a two-headed ogre
 13644 | D:12     | Noticed a seven-headed hydra
 13655 | D:12     | Killed a seven-headed hydra
 13656 | D:12     | Reached skill level 12 in Unarmed Combat
 13728 | D:12     | Reached XP level 12. HP: 88/98 MP: 12/12
 13951 | D:12     | Noticed a two-headed ogre
 13965 | D:12     | Killed a two-headed ogre
 14032 | D:12     | Noticed a boulder beetle
 14045 | D:12     | Killed a boulder beetle
 14296 | D:12     | Found a staircase to the Orcish Mines.
 14781 | Lair:1   | Entered Level 1 of the Lair of Beasts
 14831 | Lair:1   | Identified the +5 ring mail of Conscience {rN+ rCorr Dex-2}
 15078 | Lair:1   | Reached skill level 13 in Unarmed Combat
 15312 | Lair:1   | Noticed a boulder beetle
 15312 | Lair:1   | Found the +3 pair of seven-league boots {Rampage+∞}
 15332 | Lair:1   | Killed a boulder beetle
 15870 | Lair:2   | Noticed a catoblepas
 15897 | Lair:2   | Killed a catoblepas
 16037 | Lair:2   | Noticed a boulder beetle
 16061 | Lair:2   | Killed a boulder beetle
 16065 | Lair:2   | Gained mutation: You are strongly in touch with the powers
                  | of death. [Mummy growth]
 16065 | Lair:2   | Reached XP level 13. HP: 81/106 MP: 13/13
 16102 | Lair:2   | Found a staircase to the Snake Pit.
 16376 | Lair:2   | Found a staircase to the Shoals.
 17101 | Lair:3   | Reached skill level 10 in Dodging
 17122 | Lair:3   | Reached skill level 14 in Unarmed Combat
 17169 | Lair:3   | Found a frozen archway.
 17184 | IceCv    | Entered an ice cave
 17626 | IceCv    | Noticed a reaper
 17635 | IceCv    | Killed a reaper
 17654 | IceCv    | Identified the +4 long sword of Jocular Blind Justice
                  | {drain, +Blink rC+ Will+++ Str-2}
 18008 | Lair:3   | You fall into a shaft and drop 2 floors!
 18008 | Lair:5   | Entered Level 5 of the Lair of Beasts
 18281 | Lair:4   | Reached XP level 14. HP: 109/116 MP: 14/14
 18309 | Lair:4   | Noticed Urug
 18340 | Lair:4   | Killed Urug
 18341 | Lair:4   | Reached skill level 15 in Unarmed Combat
 19173 | Lair:3   | Reached ***** piety under Trog
 19311 | Lair:3   | Found a runed translucent gate.
 19311 | Lair:3   | Found a runed translucent gate.
 19312 | Lair:3   | Found a runed translucent gate.
 19631 | Lair:3   | Noticed LaMa's ghost (journeyman MfGl)
 19633 | Lair:3   | Found a viscous altar of Jiyva.
 19680 | Lair:3   | Killed LaMa's ghost
 20389 | Lair:5   | Found a viscous altar of Jiyva.
 20389 | Lair:5   | Found a staircase to the Slime Pits.
 20872 | Lair:5   | Killed from afar by a fire dragon

Illustrated notes

Levels and vault maps discovered:
D:1:      sevenhm_arrival_forest_fort_large_2, layout_loops_ring,
          chequers_big_river
D:2:      layout_loops_ring, serial_shops, shop, basic_ecumenical_altar,
          serial_co_window_serial, co_window_paths_a, co_window_cross_1,
          co_window_paths_a, co_window_corner_a, co_window_paths_a,
          co_window_2corner, co_window_unsneaky_path_a, co_window_corner_b,
          co_window_paths_c, co_window_corner_cb, co_window_2corner,
          co_window_cross_4, co_window_paths_e, glass_columns_a,
          glass_columns_a, dk_noncrumbling_4, minmay_heptomino_l4
D:3:      cheibrodos_pilgrimage, layout_loops_corners,
          pdpol_temple_overflow_zin_treasury_gozag_greed, bloody_makhleb,
          elyvilon_altar_5, nicolae_overflow_hidden_temple, uniq_robin,
          uniq_sigmund, uniq_jessica
D:4:      layout_basic, tso_oasis_becter, fedhas_altar_3,
          mainiacjoe_overflow_alcove_2, minmay_temple_entry_mini_moons,
          minivault_25, wad_orctagon, uniq_pikel
D:5:      lemuel_insect_pit, layout_layer_cave,
          lemuel_zombie_altar_kikubaaqudgha, nzn_hepliaklqana_mist_gate,
          lemuel_tele_altar, kennysheep_okawaru_gauntlet, gammafunk_ghost_split
D:6:      layout_basic, serial_shops, nicolae_take_the_stairs
D:7:      layout_rooms, ashenzari_conservatory_becter
D:8:      layout_basic, marbit_many_paths, enter_bailey_6, solitary_fountain,
          uniq_joseph
D:9:      layout_long_grid, nicolae_dithmenos_through_a_glass_darkly,
          serial_park_tiny_2
D:10:     layout_cave_pools, dpeg_oklobed_lair, uniq_maurice, uniq_maggie
D:11:     layout_irregular_city, nicolae_trove_entry_diagonal,
          nicolae_wu_jian_wuxing_cycle, uniq_josephine
D:12:     layout_grid_maze, kennysheep_orc_monster_closet_entryway
Lair:1:   layout_regular_city, hellmonk_guarded_unrand_seven_league_boots
Lair:2:   layout_regular_city, shoals_dummy_entry, dummy_snake_entry,
          st_stairs_6, serial_bayou_shore_a, grunt_megastairs_4,
          lemuel_fruit_tree
Lair:3:   layout_gridlike, basic_altar, gammafunk_ghost_ooze,
          portal_ice_cave_entry_ice_simulacra, grunt_megastairs_1
Lair:4:   layout_cave_shapes, kennysheep_rathole, grunt_megastairs_5, uniq_urug
Lair:5:   guppyfry_lair_end_dragon, layout_misc_corridors, slime_entry_1,
          grunt_megastairs_2

Skill      XL: |  1  2  3  4  5  6  7  8  9 10 11 12 13 14 |
---------------+-------------------------------------------+-----
Unarmed Combat | 3 4 5 6 7 9 10 12 13 14 15 | 15.8
Dodging        | 2 3 4 5 6 7 8 9 10 11 | 11.3
Fighting       | 4 5 6 7 9 10 11 12 13 | 13.6
Armour         | |  1.5

Action                   |  1- 3 |  4- 6 |  7- 9 | 10-12 | 13-15 || total
-------------------------+-------+-------+-------+-------+-------++-------
Melee: Unarmed           |   154 |   210 |   479 |   875 |   816 ||  2534
       Punch             |     4 |     9 |    37 |    61 |    99 ||   210
Throw: Stone             |    14 |     4 |       |       |       ||    18
       Boomerang         |       |     8 |    23 |    18 |    64 ||   113
       Dart              |       |     8 |    11 |     9 |       ||    28
Invok: Trog's Hand       |     1 |     6 |     5 |    21 |    14 ||    47
       Brothers in Arms  |       |       |       |       |     3 ||     3
Evoke: Wand              |       |       |     2 |    48 |    19 ||    69
  Use: Scroll            |     3 |     4 |     7 |     8 |     6 ||    28
 Stab: Sleeping          |     1 |       |       |       |       ||     1
       Paralysed         |       |       |       |    45 |       ||    45
       Petrifying        |       |       |       |     1 |       ||     1
       Distracted        |       |       |       |       |     1 ||     1
Armor: Animal skin       |    17 |       |       |       |       ||    17
       Ring mail         |     1 |    81 |   165 |    43 |   289 ||   579
       Chain mail        |       |       |       |   273 |       ||   273
Dodge: Dodged            |    83 |   115 |   294 |   806 |   657 ||  1955
